 Dungeon Crawl Stone Soup version 0.25.1-4-g9407a263a5 (webtiles) character file.

Game seed: 2526891549738583716

282 Clowwww the Chopper (level 6, -1/47 HPs)
             Began as a Demonspawn Gladiator on Nov 27, 2020.
             Was a Follower of Okawaru.
             Killed by divine providence
             ... invoked by an orc priest
              (11 damage)
             ... on level 3 of the Dungeon.
             The game lasted 00:10:11 (3442 turns).

Clowwww the Chopper (Demonspawn Gladiator)          Turns: 3442, Time: 00:10:12

Health: -1/47      AC:  4    Str: 16    XL:     6   Next: 6%
Magic:  6/6        EV: 13    Int: 15    God:    Okawaru [*.....]
Gold:   147        SH:  0    Dex: 15    Spells: 5/5 levels left

rFire    . . .     SeeInvis .   a - +0 war axe
rCold    + . .     Gourm    .   (no shield)
rNeg     . . .     Faith    .   b - +0 leather armour
rPois    .         Spirit   .   c - +0 helmet
rElec    .         Reflect  .   (no cloak)
rCorr    .         Harm     .   (no gloves)
MR       .....                  (no boots)
Stlth    +.........             (no amulet)
HPRegen  0.15/turn              l - +6 ring of intelligence
MPRegen  0.10/turn              t - ring of protection from cold

@: no status effects
A: claws 2, powered by death 1
a: Heroism, Renounce Religion


You were on level 3 of the Dungeon.
You worshipped Okawaru.
Okawaru was aware of your devotion.
You were not hungry.

You visited 1 branch of the dungeon, and saw 4 of its levels.

You collected 147 gold pieces.

Inventory:

Hand Weapons
 a - a +0 war axe (weapon)
Missiles
 d - 3 throwing nets
 u - 13 poisoned darts
 w - 2 boomerangs (quivered)
Armour
 b - a +0 leather armour (worn)
 c - a +0 helmet (worn)
Jewellery
 l - a +6 ring of intelligence (left claw)
 t - a ring of protection from cold (right claw)
Scrolls
 e - a scroll of magic mapping {unknown}
 h - a scroll of remove curse {unknown}
 j - a scroll of fear {unknown}
 m - 3 scrolls of amnesia {unknown}
 n - 2 scrolls of enchant armour
 p - 3 scrolls of teleportation {unknown}
 s - a scroll of blinking {unknown}
Potions
 g - 3 potions of ambrosia
 i - a potion of flight {unknown}
 k - a potion of mutation {unknown}
 q - 2 potions of haste
 v - a potion of curing {unknown}
 x - a potion of degeneration {unknown}
Comestibles
 f - 10 rations


   Skills:
 + Level 3.0 Fighting
 + Level 4.9 Axes
 + Level 1.8 Throwing
 + Level 1.9 Armour
 + Level 3.2 Dodging
 + Level 0.6 Stealth


You had 5 spell levels left.
You didn't know any spells.
Your spell library was empty.

Dungeon Overview and Level Annotations

Branches:
Dungeon (4/15)
 Temple: D:4-7

Altars:
Ashenzari
Fedhas
Makhleb
Nemelex Xobeh
Okawaru
Yredelemnul
The Shining One


Innate Abilities, Weirdness & Mutations

You have very sharp fingernails.
You regenerate a little health from kills.


Message History

The orc hits you with a +0 flail.
* * * LOW HITPOINT WARNING * * *
The orc priest looks braver for a moment.
You climb upwards.
There is a stone staircase leading down here.
You hit the orc priest.
The orc priest is moderately wounded.
You hit the orc but do no damage. The orc hits you with a +0 flail.
* * * LOW HITPOINT WARNING * * *
The orc priest completely misses you.
You slash the orc priest!
The orc priest is almost dead.
You barely miss the orc. The orc priest barely misses you.
The orc barely misses you.
You hit the orc priest.
The orc priest is almost dead.
You hit the orc but do no damage.
The orc priest invokes the aid of Beogh against you.
Beogh smites you!
You die...

#.# #.#
#.####.######..... #.#
#.# #.# #.#..........
#.# #.# #.#
#........##.. #.# #.#
#.# ###.####.##.. #.#
#.# ##.# #.# #.##.. ..#
#.# #..# #.####.....
### #.# #.##
#..(.......
#.###.#######.####..##.
#....o@o..)...# #..##.
#####.#######.####..###
#.# #..........
########## #.#
#####..#### .........#
#.# ##..# ########.#
#.# #...#### #.# #.#
#.#..... #.# #.#
#...#### #.######<#
##..##..


You could see an orc priest and an orc.

Vanquished Creatures
  A phantom (D:2)
  A bullfrog (D:3)
  4 adders
  An ooze (D:1)
  2 worms (D:3)
  3 dart slugs
  6 leopard geckos
  2 orcs
  9 bats
  2 giant cockroaches
  5 goblins
  7 hobgoblins
  A jackal (D:3)
  11 frilled lizards
  6 kobolds
  15 rats
76 creatures vanquished.

Notes
Turn   | Place    | Note
-------+----------+-------------------------------------------
     0 | D:1      | Clowwww the Demonspawn Gladiator began the quest for the
                  | Orb.
     0 | D:1      | Reached XP level 1. HP: 16/16 MP: 1/1
   195 | D:1      | Reached skill level 3 in Axes
   259 | D:1      | Gained mutation: You have sharp fingernails. [demonic
                  | ancestry]
   259 | D:1      | Reached XP level 2. HP: 14/22 MP: 2/2
   949 | D:1      | Gained mutation: You regenerate a little health from kills.
                  | [demonic ancestry]
   949 | D:1      | Reached XP level 3. HP: 28/28 MP: 3/3
  1421 | D:2      | Found a burning altar of Makhleb.
  1424 | D:2      | Found a blossoming altar of Fedhas.
  1426 | D:2      | Found a glowing golden altar of the Shining One.
  1708 | D:2      | Found a sparkling altar of Nemelex Xobeh.
  1724 | D:2      | Reached skill level 1 in Armour
  1724 | D:2      | Reached XP level 4. HP: 31/34 MP: 4/4
  1729 | D:2      | Found an iron altar of Okawaru.
  1740 | D:2      | Became a worshipper of Warmaster Okawaru
  1997 | D:2      | Noticed a phantom
  2054 | D:2      | Killed a phantom
  2054 | D:2      | Reached skill level 4 in Axes
  2054 | D:2      | Gained mutation: You have very sharp fingernails. [demonic
                  | ancestry]
  2054 | D:2      | Reached XP level 5. HP: 21/40 MP: 5/5
  2188 | D:2      | Found a shattered altar of Ashenzari.
  2189 | D:2      | Found a basalt altar of Yredelemnul.
  2614 | D:3      | Reached * piety under Okawaru
  2614 | D:3      | Reached XP level 6. HP: 41/47 MP: 6/6
  3442 | D:3      | Killed from afar by an orc priest

Illustrated notes

Levels and vault maps discovered:
D:1:      ebering_trefoil_twist, layout_loops_ring, grunt_decor_fettered,
          serial_park_tiny_1, minmay_lizard_king
D:2:      layout_basic, nicolae_overflow_hidden_temple,
          nemelex_xobeh_ov_fountains_minmay, lemuel_crystal_altar, first_ration
D:3:      layout_loops_ring, minmay_fractal_squares_diagonal_5
D:4:      minmay_inner_zag, layout_basic, grunt_temple_overflow_gold_and_silver,
          serial_shops, shop_coins

Skill      XL: |  1  2  3  4  5 |
---------------+----------------+-----
Axes           | 3 4 |  4.9
Armour         | 1 |  1.9
Dodging        | 3 |  3.2
Fighting       | 3 |  3.0
Throwing       | |  1.8
Stealth        | |  0.6

Action                   |  1- 3 |  4- 6 || total
-------------------------+-------+-------++-------
Melee: War axe           |   114 |   107 ||   221
  Use: Scroll            |       |     5 ||     5
 Stab: Distracted        |       |     1 ||     1
       Sleeping          |       |     1 ||     1
  Eat: Chunk             |     3 |     5 ||     8
Armor: Leather armour    |    36 |    23 ||    59
Dodge: Dodged            |   106 |    78 ||   184
